 Dungeon Crawl Stone Soup version 0.29.1-2-gbd0b4ee654 (webtiles) character file.

Game seed: 5604003088148326245

10558 Avanven the Grappler (level 11, -4/96 HPs)
             Began as a Troll Fighter on Nov 20, 2022.
             Was an Elder of Qazlal.
             Slain by a cane toad (19 damage)
             ... on level 1 of the Lair of Beasts.
             The game lasted 00:13:31 (8807 turns).

Avanven the Grappler (Troll Fighter)                Turns: 8807, Time: 00:13:32

Health: -4/96      AC:  9    Str: 30    XL:     11   Next: 37%
Magic:  17/17      EV:  8    Int:  4    God:    Qazlal [****..]
Gold:   532        SH: 12    Dex:  9    Spells: 10/10 levels left

rFire   . . .      SeeInvis .     - Unarmed
rCold   . . .      Faith    .   b - +0 kite shield
rNeg    + . .      Spirit   .   H - +0 steam dragon scales
rPois   +          Reflect  .   y - +2 hat
rElec   .          Harm     .   G - scarf {repulsion}
rCorr   .          Rampage  .   (gloves unavailable)
Will    ++++.      Clarity  +   (boots unavailable)
Stlth   +.........              F - amulet of the Four Winds {rN+ Will+++ Clar}
HPRegen 1.06/turn               g - ring of poison resistance
MPRegen 0.15/turn               h - ring of willpower

@: lethally poisoned (-4 -> -15), repel missiles
A: large, unfitting armour, claws 3, regeneration 1, shaggy fur 1, tough skin 1
a: Renounce Religion, Upheaval, Elemental Force


You were on level 1 of the Lair of Beasts.
You worshipped Qazlal.
Qazlal was greatly pleased with you.
You visited 3 branches of the dungeon, and saw 12 of its levels.

You collected 676 gold pieces.
You spent 144 gold pieces at shops.

Inventory:

Missiles
 o - 4 throwing nets (quivered)
Armour
 b - a +0 kite shield (worn)
 y - a +2 hat (worn)
 G - a scarf of repulsion (worn)
 H - +0 steam dragon scales (worn)
Jewellery
 c - a +6 ring of intelligence
 g - a ring of poison resistance (left claw)
 h - a ring of willpower (right claw)
 q - an amulet of reflection
 A - an amulet of guardian spirit
 D - a ring of resist corrosion
 E - a ring of fire
 F - the amulet of the Four Winds (around neck) {rN+ Will+++ Clar}
   (You found it on level 7 of the Dungeon)

   [amulet of nothing]

   rN:        It protects you from negative energy.
   Clar:      It protects you against confusion.
   Will:      It greatly increases your willpower.
 M - an amulet of the acrobat
Wands
 a - a wand of mindburst (9)
 u - a wand of flame (5)
 v - a wand of roots (16)
 z - a wand of paralysis (17)
 K - a wand of light (2)
Scrolls
 d - 8 scrolls of teleportation
 i - a scroll of brand weapon {unknown}
 k - 8 scrolls of identify
 m - 3 scrolls of enchant weapon
 C - a scroll of poison
 I - a scroll of fog
Potions
 e - 4 potions of curing
 f - 4 potions of cancellation {unknown}
 j - 3 potions of flight {unknown}
 l - 2 potions of berserk rage {unknown}
 n - 8 potions of brilliance
 p - a potion of degeneration {unknown}
 r - 4 potions of mutation {unknown}
 s - 5 potions of lignification {unknown}
 t - 3 potions of invisibility {unknown}
 w - a potion of might
 x - 2 potions of resistance
 B - a potion of ambrosia {unknown}
 J - a potion of heal wounds {unknown}
 L - 2 potions of haste {unknown}
 N - a potion of attraction {unknown}


   Skills:
 - Level 2.6 Fighting
 - Level 2.6 Dodging
 - Level 2.9 Shields
 * Level 14.7 Unarmed Combat
 + Level 9.3 Invocations


You had 10 spell levels left.
You didn't know any spells.
Your spell library contained the following spells:

 Spells                   Type           Power      Damage    Failure   Level
 Blink                    Tloc           0%         N/A       91%         2
 Static Discharge         Conj/Air       0%         3-3/arc   91%         2
 Dazzling Flash           Conj/Hex       0%         N/A       99%         3
 Iskenderun's Mystic Bla  Conj/Tloc      0%         2d3       100%        4
 Iskenderun's Battlesphe  Conj           0%         2d6       100%        5
 Lightning Bolt           Conj/Air       0%         1d11      100%        5
 Manifold Assault         Tloc           0%         N/A       100%        5
 Conjure Ball Lightning   Conj/Air       0%         3x3d6     100%        6
 Iron Shot                Conj/Erth      0%         9d1       100%        6
 Starburst                Conj/Fire      0%         6d3       100%        6
 Spellforged Servitor     Conj/Summ      0%         N/A       100%        7
 Storm Form               Tmut/Air       0%         N/A       100%        7
 Discord                  Hex            0%         N/A       100%        8
 Disjunction              Tloc           0%         N/A       100%        8
 Maxwell's Capacitive Co  Air            0%         ∞         100%        8


Dungeon Overview and Level Annotations

Branches:
Dungeon (10/15)            Temple (1/1) D:4            Lair (1/5) D:8
    Orc (0/2) D:10

Altars:
Ashenzari
Cheibriados
Dithmenos
Elyvilon
Fedhas
Gozag
Hepliaklqana
Kikubaaqudgha
Makhleb
Nemelex Xobeh
Okawaru
Qazlal
Ru
Sif Muna
Trog
Uskayaw
Vehumet
Wu Jian
Xom
Yredelemnul
Zin
The Shining One

Shops:
D:4 (   D:5 [

Annotations:
D:9 3 runed translucent doors, Voland's ghost, journeyman MfTm


Innate Abilities, Weirdness & Mutations

You are too large for most types of armour.
You have claws for hands.
Your natural rate of healing is unusually fast.
You are covered in fur. (AC +1)
You have tough skin. (AC +1)


Message History

You barely miss the cane toad.
The cane toad is heavily wounded.
The water moccasin bites you but does no damage.
The cane toad stings you.
The water moccasin bites you but does no damage.
You closely miss the cane toad.
The cane toad is heavily wounded.
The cane toad completely misses you. The water moccasin closely misses you.
The water moccasin bites you!
You barely miss the cane toad.
The cane toad is heavily wounded.
The cane toad barely misses you.
The water moccasin bites you but does no damage.
The water moccasin closely misses you.
Unknown command.
You scratch the cane toad.
The cane toad is severely wounded.
The water moccasin closely misses you. You block the cane toad's attack.
The water moccasin bites you.
You scratch the cane toad but do no damage.
The cane toad is severely wounded.
The water moccasin bites you.
You are poisoned.
The water moccasin poisons you! The water moccasin bites you!
The cane toad stings you!!
You are more poisoned.
The cane toad poisons you! The water moccasin bites you.
You are too injured to fight recklessly!
You are too injured to fight recklessly!
Unknown command.
The water moccasin attacks as you move away!
The water moccasin bites you.
The water moccasin attacks as you move away!
The water moccasin closely misses you.
* * * LOW HITPOINT WARNING * * *
You feel extremely sick. The cane toad stings you.
* * * LOW HITPOINT WARNING * * *
The cane toad stings you!!
You die...

.....## ........# ........##
### ..........## ####.~####
#...........###@S...~~..
#...........##.SF~~~~~≈~
#...........#~°§≈☼~.~~≈
##...........~≈○§≈~~~~~
#.......)...#~≈~~~.~≈~~
#...........#≈~≈≈#.....
##...........#≈≈≈≈#......##
##........#...#≈≈≈≈#....... #
...##.....#.####≈≈≈#......###
..


You could see a cane toad and 2 water moccasins.

Vanquished Creatures
  Erica (D:9)
  Amaemon (D:8)
  Pikel (D:8)
  A black mamba (Lair:1)
  An orange demon (D:8)
  A cane toad (Lair:1)
  Maggie (D:8)
  A hornet (D:9)
  Prince Ribbit (D:8)
  11 yaks
  3 wyverns (D:8)
  A basilisk (D:8)
  3 vampire mosquitoes (D:10)
  An acid dragon (D:10)
  Duvessa (D:5)
  8 water moccasins
  A sky beast (D:7)
  An orc warrior (D:8)
  5 black bears
  An ogre (D:5)
  2 wolves (D:8)
  A lemure (D:8)
  2 phantoms
  5 bullfrogs
  A kobold brigand (D:7)
  4 scorpions
  3 gnoll sergeants
  3 necrophages
  13 wights
  Dowan (D:5)
  5 killer bees
  A gnoll bouda (D:7)
  3 orc priests (D:8)
  Crazy Yiuf (D:2)
  A hound (D:7)
  3 iguanas
  Natasha (twice) (D:3)
  8 orc wizards
  18 gnolls
  9 adders
  A shadow imp (D:6)
  3 worms
  3 dart slugs
  16 orcs
  3 endoplasms
  4 giant cockroaches
  8 hobgoblins
  11 jackals
  13 kobolds
  A quokka (D:2)
  7 ball pythons
  3 bats
  4 frilled lizards
  5 goblins
  7 rats
220 creatures vanquished.

Vanquished Creatures (others)
  An orc wizard (D:9)
  A gnoll (D:9)
  5 plants
7 creatures vanquished.

Grand Total: 227 creatures vanquished

Notes
Turn   | Place    | Note
-------+----------+-------------------------------------------
     0 | D:1      | Avanven the Troll Fighter began the quest for the Orb.
     0 | D:1      | Reached XP level 1. HP: 22/22 MP: 0/0
   262 | D:1      | Reached XP level 2. HP: 29/29 MP: 1/1
   954 | D:2      | Found a radiant altar of Vehumet.
   974 | D:2      | Reached XP level 3. HP: 36/36 MP: 2/2
   983 | D:2      | Reached skill level 3 in Unarmed Combat
  1151 | D:2      | Found a runed translucent door.
  1152 | D:2      | Noticed Crazy Yiuf
  1402 | D:2      | Found a faded altar of an unknown god.
  1411 | D:2      | Prayed at the altar of an unknown god.
  1411 | D:2      | Became a worshipper of Qazlal Stormbringer
  1411 | D:2      | Reached * piety under Qazlal
  1461 | D:2      | Identified the +7 dagger of the Hierophant {flame, rElec
                  | rPois Str+2 SInv}
  1527 | D:2      | Reached XP level 4. HP: 44/44 MP: 3/3
  1885 | D:2      | Killed Crazy Yiuf
  1886 | D:2      | Reached skill level 4 in Unarmed Combat
  2044 | D:3      | Reached skill level 1 in Invocations
  2144 | D:3      | Reached XP level 5. HP: 50/50 MP: 4/4
  2197 | D:3      | Noticed Natasha
  2202 | D:3      | Killed Natasha
  2444 | D:3      | Noticed Natasha
  2450 | D:3      | Killed Natasha
  2863 | D:4      | Reached skill level 5 in Unarmed Combat
  2896 | D:4      | Found a glowing golden altar of the Shining One.
  2969 | D:4      | Reached XP level 6. HP: 59/59 MP: 6/6
  3026 | D:4      | Reached ** piety under Qazlal
  3051 | D:4      | Found Ato Ahecs's Antique Weapon Emporium.
  3461 | D:4      | Found a staircase to the Ecumenical Temple.
  3480 | Temple   | Entered the Ecumenical Temple
  3617 | D:4      | Reached skill level 6 in Unarmed Combat
  3708 | D:4      | Reached XP level 7. HP: 66/66 MP: 8/8
  3836 | D:5      | Entered Level 5 of the Dungeon
  3883 | D:5      | Found a burning altar of Makhleb.
  3899 | D:5      | Noticed Dowan
  3901 | D:5      | Noticed Duvessa
  3909 | D:5      | Killed Duvessa
  3916 | D:5      | Killed Dowan
  3917 | D:5      | Reached skill level 7 in Unarmed Combat
  3970 | D:5      | Found Qadu's Armour Shoppe.
  4630 | D:6      | Reached XP level 8. HP: 51/74 MP: 10/10
  4642 | D:5      | Reached skill level 8 in Unarmed Combat
  4784 | D:6      | Reached skill level 9 in Unarmed Combat
  4784 | D:6      | Reached skill level 5 in Invocations
  4785 | D:6      | Reached *** piety under Qazlal
  5419 | D:7      | Reached XP level 9. HP: 75/80 MP: 12/12
  5559 | D:7      | Reached skill level 10 in Unarmed Combat
  5632 | D:7      | Found the amulet of the Four Winds {rN+ Will+++ Clar}
  5797 | D:5      | Bought a scarf of repulsion for 144 gold pieces
  6306 | D:8      | Noticed Pikel
  6318 | D:8      | Killed Pikel
  6319 | D:8      | Reached skill level 11 in Unarmed Combat
  6422 | D:8      | Noticed Maggie
  6433 | D:8      | Killed Maggie
  6549 | D:8      | Noticed Amaemon
  6549 | D:8      | Noticed an orange demon
  6559 | D:8      | Killed Amaemon
  6560 | D:8      | Reached skill level 12 in Unarmed Combat
  6560 | D:8      | Reached XP level 10. HP: 71/88 MP: 11/14
  6565 | D:8      | Killed an orange demon
  6586 | D:8      | Found an iron altar of Okawaru.
  6770 | D:8      | Noticed Prince Ribbit
  6780 | D:8      | Reached skill level 13 in Unarmed Combat
  6791 | D:8      | Killed Prince Ribbit
  6849 | D:8      | Found a staircase to the Lair.
  7115 | D:8      | Identified the +1 pair of gloves of Xywkatsasm {Will+}
  7523 | D:9      | Noticed Erica
  7534 | D:9      | Reached **** piety under Qazlal
  7540 | D:9      | Killed Erica
  7544 | D:9      | Reached XP level 11. HP: 79/96 MP: 11/16
  7668 | D:9      | Found a sacrificial altar of Ru.
  7672 | D:9      | Reached skill level 14 in Unarmed Combat
  7780 | D:9      | Found a runed translucent gate.
  7781 | D:9      | Found a runed translucent gate.
  7781 | D:9      | Noticed Voland's ghost (journeyman MfTm)
  7782 | D:9      | Noticed a ten-headed hydra
  7788 | D:9      | Found a runed translucent gate.
  7815 | D:9      | Found a shimmering blue altar of Sif Muna.
  8017 | D:10     | Entered Level 10 of the Dungeon
  8160 | D:10     | Found a shimmering altar of Xom.
  8238 | D:10     | Found a staircase to the Orcish Mines.
  8357 | D:10     | Found a radiant altar of Vehumet.
  8459 | Lair:1   | Entered Level 1 of the Lair of Beasts
  8807 | Lair:1   | Slain by a cane toad

Illustrated notes

Levels and vault maps discovered:
D:1:      heliophobic_arrival_battle_scene, layout_loops_corners,
          kennysheep_doodads, kennysheep_small_spiral
D:2:      layout_basic, basic_altar, chequers_ecumenical_altar_simple,
          st_stairs_14, minmay_vboxes, uniq_crazy_yiuf_cottage
D:3:      layout_basic, interstate_on_off, dk_noncrumbling_2, dk_noncrumbling_4,
          uniq_natasha
D:4:      layout_cave_pools, amcnicky_altar_gilded, temple_hall, serial_shops,
          shop, serial_bayou, serial_bayou_pond_c, serial_bayou_pond_c,
          serial_bayou_crossing, serial_bayou_pond_e, serial_bayou_ford_a,
          serial_bayou_lake_a, minmay_misc_feat_encased, minmay_misc_feat_roman,
          minmay_puff
D:5:      layout_loops_ring, mainiacjoe_overflow_tiny_flanked, serial_shops,
          shop, hangedman_abyss_or_decor_lesser_grid, uniq_duvessa
D:6:      layout_cave_pools
D:7:      layout_cave_pods
D:8:      layout_gridville, mainiacjoe_overflow_six_doors_small,
          minmay_lair_entry_grove, uniq_prince_ribbit1, uniq_pikel,
          uniq_amaemon, uniq_maggie
D:9:      layout_long_grid, nicolae_ru_great_annihilating_truth,
          old_standard_altar, gammafunk_ghost_hydra_chop, st_stairs_6,
          uniq_erica
D:10:     layout_cave_pools, old_standard_altar, xom_teletrap_fun
Temple:   minmay_freezing_vapour_temple
Lair:1:   layout_cave_shapes, chequers_serial_rivers_large_a,
          chequers_serial_rivers_small_a

Skill      XL: |  1  2  3  4  5  6  7  8  9 10 11 |
---------------+----------------------------------+-----
Unarmed Combat | 3 4 5 6 7 9 12 13 14 | 14.7
Invocations    | 1 2 3 4 5 7 8 9 |  9.3
Fighting       | |  2.6
Dodging        | |  2.6
Shields        | |  2.9

Action                   |  1- 3 |  4- 6 |  7- 9 | 10-12 || total
-------------------------+-------+-------+-------+-------++-------
Melee: Unarmed           |   100 |   106 |   196 |   241 ||   643
Invok: Upheaval          |       |       |     3 |     3 ||     6
       Elemental Force   |       |       |       |     1 ||     1
  Use: Potion            |       |     1 |       |       ||     1
       Scroll            |       |    10 |     3 |     2 ||    15
 Stab: Invisible         |       |       |       |     1 ||     1
       Paralysed         |       |       |       |     1 ||     1
Armor: Robe              |    34 |    23 |    46 |       ||   103
       Steam dragon scal |       |       |     4 |    58 ||    62
Dodge: Dodged            |    35 |    20 |    57 |    61 ||   173
       Repelled          |       |       |       |     1 ||     1
Block: Kite shield       |    27 |    71 |   168 |   111 ||   377
       Reflection        |       |     2 |       |       ||     2
